 Dungeon Crawl Stone Soup version 0.31.0-9-g3a7656b989 (webtiles) character file.

Game seed: 7648934882069117207

25 crabbadon the Trooper (level 3, 0/33 HPs)
             Began as a Hill Orc Fighter on Jan 30, 2024.
             Slain by Terence
             ... wielding a +3 falchion of electrocution
              (2 damage)
             ... on level 2 of the Dungeon.
             The game lasted 00:01:27 (777 turns).

crabbadon the Trooper (Hill Orc Fighter)             Turns: 777, Time: 00:01:27

Health: 0/33       AC:  6    Str: 20    XL:     3   Next: 6%
Magic:  3/3        EV:  9    Int:  8    God:
Gold:   15         SH:  4    Dex: 10    Spells: 2/2 levels left

rFire   . . .        a - +0 war axe
rCold   . . .        c - +0 buckler
rNeg    . . .        b - +0 scale mail
rPois   .            (helmet currently unavailable)
rElec   .            (cloak currently unavailable)
rCorr   .            (gloves currently unavailable)
SInv    .            (boots currently unavailable)
Will    .....        (no amulet) Stlth
                     (no ring)
HPRegen 0.25/turn    (no ring)
MPRegen 0.08/turn

%: no passive effects
@: beast-form
A: beast (slay +0)
a: Begin Untransformation


You were on level 2 of the Dungeon.
You were a hulking beast.
You visited 1 branch of the dungeon, and saw 2 of its levels.

You collected 15 gold pieces.

Inventory:

Hand Weapons
 a - a +0 war axe (weapon)
Armour
 b - a +0 scale mail (worn)
 c - a +0 buckler (worn)
Talismans
 m - a beast talisman (active)
Scrolls
 e - a scroll of immolation {unknown}
 f - 2 scrolls of teleportation {unknown}
 h - a scroll of fear {unknown}
 i - 2 scrolls of vulnerability {unknown}
 l - a scroll of acquirement {unknown}
Potions
 d - a potion of might
 g - a potion of curing {unknown}
 j - a potion of magic
 k - a potion of attraction {unknown}


   Skills:
 + Level 4.0 Fighting
 + Level 3.2 Axes
 + Level 3.6 Armour
 + Level 3.6 Shields
 + Level 0.0 Shapeshifting


You had 2 spell levels left.
You didn't know any spells.
Your spell library contained the following spells:

 Spells                   Type           Power      Damage    Failure   Level
 Inner Flame              Hex/Fire       0%         N/A       99%         3
 Irradiate                Conj/Alch      0%         3d11      100%        5
 Ignition                 Fire           0%         3d3       100%        8


Dungeon Overview and Level Annotations

Branches:
Dungeon (2/15)

Altars:

Annotations:
D:2 Terence


Message History

There are monsters nearby!
Found a scroll labelled ZYOGIM QIRIQIR.
The ribbon worm expels a string of sticky webbing.
The stream of webbing misses you.
You see here 7 gold pieces.
You completely miss Terence. You barely miss the ribbon worm.
The ribbon worm bites you.
Terence hits you with a +3 falchion of electrocution.
You hit Terence.
Terence is lightly wounded.
You hit the ribbon worm. Terence barely misses you.
The ribbon worm barely misses you.
You slash the ribbon worm!
The ribbon worm is almost dead.
You hit Terence.
Terence says, "Time to say good-bye..."
Terence hits you with a +3 falchion of electrocution.
The ribbon worm bites you. Terence closely misses you.
You slash the ribbon worm!
You kill the ribbon worm!
You closely miss Terence. Terence hits you but does no damage.
You are electrocuted!
* * * LOW HITPOINT WARNING * * *
You have reached level 3!
Your experience leads to an increase in your attributes!
Increase (S)trength, (I)ntelligence, or (D)exterity?
You feel stronger. x2
Okay, then.
Okay, then.
It was a potion of magic.
Magic courses through your body. Terence closely misses you.
Okay, then.
You slash Terence!
Terence is heavily wounded.
Terence hits you but does no damage.
You hit Terence.
Terence is severely wounded.
Terence hits you with a +3 falchion of electrocution.
You die...
Terence says, "Time to find some more victims."

#.........#
#.....?...#
##.........#
..........#
#........#
#........#
#...†@...##
#...h.....#
+.........#
#.........#
#..<......#
###########


You could see Terence.

Vanquished Creatures
  A dart slug (D:1)
  A ribbon worm (D:2)
  3 endoplasms (D:1)
  A giant cockroach (D:1)
  5 goblins (D:1)
  2 bats (D:1)
  2 frilled lizards (D:1)
  2 kobolds (D:1)
  4 rats (D:1)
21 creatures vanquished.

Notes
Turn   | Place    | Note
-------+----------+-------------------------------------------
     0 | D:1      | crabbadon the Hill Orc Fighter began the quest for the Orb.
     0 | D:1      | Reached XP level 1. HP: 19/19 MP: 1/1
    94 | D:1      | Reached XP level 2. HP: 27/27 MP: 2/2
   349 | D:1      | Reached skill level 4 in Fighting
   767 | D:2      | Noticed Terence
   774 | D:2      | HP: 1/27 [Terence/+3 falchion of electrocution (11)]
   775 | D:2      | Reached XP level 3. HP: 1/33 MP: 3/3
   777 | D:2      | Slain by Terence

Illustrated notes

Levels and vault maps discovered:
D:1:      pf_arrival_petrified_forest, layout_loops_ring
D:2:      layout_basic, basic_altar, minmay_tetromino_i2, uniq_terence

Skill      XL: |  1  2 |
---------------+-------+-----
Axes           | 3 |  3.2
Fighting       | 4 |  4.0
Armour         | |  3.6
Shields        | |  3.6

Action                     || total
---------------------------++-------
  Melee: War axe           ||    47
    Use: Potion            ||     1
 Armour: Scale mail        ||    32
  Dodge: Dodged            ||    21
  Block: Buckler           ||     7
   Form: Beast             ||     1
